Map: Oxide LE

Players

진격의해병

  • Race: Terran Terran
  • League: Platinum
  • Spawn Location: 1:00

Tentacle - Winner!

  • Race: Terran Terran
  • League: Platinum
  • Spawn Location: 7:00

VOD

Have the link to the VOD?

Description

"GET OUT PLEASE!!!"

Time

  • Played on: Jan. 4, 2021, midnight
  • Length: 26:27
Show
View Real Time Build Order
Export as new Build Order

진격의해병 Terran 

Build Orders:  

Get SALT Encoding   

  12  0:00  SCV  
  13  0:12  SCV  
  14  0:18  Supply Depot  
  14  0:24  SCV  
  15  0:39  SCV  
  15  0:41  Barracks  
  16  0:45  Refinery  
  16  0:55  SCV  
  17  1:03  Refinery  
  16  1:11  SCV  
  17  1:29  Orbital Command  
  17  1:30  Supply Depot, Marine  
  18  1:42  Factory  
  18  1:55  SCV  
  19  2:07  SCV  
  20  2:19  SCV  
  21  2:27  Armory  
  21  2:30  Starport  
  21  2:31  SCV  
  22  2:37  Supply Depot  
  22  2:41  Factory Tech Lab  
  22  2:44  SCV  
  23  2:56  SCV  
  24  3:08  SCV  
  25  3:14  Thor  
  25  3:16  Medivac  
  33  3:20  SCV  
  34  3:27  Supply Depot  
  34  3:32  SCV  
  35  3:44  SCV  
  35  3:46  Engineering Bay  
  38  3:56  SCV  
  38  3:57  Thor  
  43  4:08  SCV  
  43  4:10  Viking  
  43  4:15  Missile Turret  
  45  4:20  SCV  
  46  4:32  SCV  
  47  5:50  Supply Depot  
  47  6:00  Command Center  
  47  6:03  Supply Depot  
  47  6:05  Terran Vehicle Weapons Level 1  
  47  6:10  Factory  
  47  6:11  Thor, SCV  
  47  6:17  Command Center  
  47  6:18  Supply Depot  
  54  6:23  SCV  
  55  6:26  Factory  
  55  6:35  SCV  
  56  6:48  SCV  
  57  7:00  SCV  
  58  7:12  SCV  
  59  7:24  SCV  
  60  7:36  SCV  
  53  7:44  Orbital Command  
  47  7:47  Missile Turret, Planetary Fortress  
  47  7:50  Missile Turret  
  46  7:53  SCV  
  46  7:54  Factory Tech Lab  
  47  8:05  SCV  
  42  8:14  Refinery  
  42  8:17  SCV x2, Refinery  
  44  8:20  Refinery, Terran Vehicle Weapons Level 2  
  44  8:22  Siege Tank x2  
  44  8:23  Factory Reactor  
  50  8:27  Supply Depot  
  50  8:28  Viking  
  50  8:29  SCV x2  
  50  8:33  Refinery  
  54  8:34  SCV  
  55  8:42  SCV  
  55  8:45  Command Center  
  55  8:46  SCV  
  57  8:54  Thor, SCV, Siege Tank  
  67  8:58  SCV  
  68  9:06  Missile Turret  
  66  9:10  SCV  
  67  9:18  SCV  
  67  9:22  SCV  
  69  9:28  Siege Tank  
  69  9:29  Hellion x2  
  69  9:30  SCV  
  77  9:35  SCV  
  77  9:37  Missile Turret, Siege Tank  
  81  9:42  Missile Turret, SCV  
  81  9:44  SCV  
  83  9:47  Supply Depot  
  83  9:50  Hellion x2  
  87  9:54  SCV  
  87  9:56  SCV  
  89  10:00  Siege Tank  
  89  10:06  SCV  
  93  10:07  Factory  
  93  10:08  SCV  
  93  10:09  Siege Tank  
  93  10:11  Hellion  
  93  10:12  Hellion  
  101  10:41  Missile Turret, Siege Tank  
  104  10:48  SCV  
  105  10:56  Planetary Fortress  
  103  10:59  Factory Tech Lab  
  103  11:00  SCV, Supply Depot, Siege Tank  
  103  11:01  Hellion x2  
  103  11:03  Terran Vehicle Weapons Level 3  
  111  11:06  SCV  
  111  11:08  Armory  
  112  11:12  SCV  
  112  11:13  Siege Tank  
  112  11:18  Thor, SCV  
  117  11:22  Hellion  
  117  11:23  Hellion  
  117  11:24  SCV  
  128  11:30  SCV  
  129  11:36  Siege Tank  
  132  11:42  SCV  
  132  11:44  Hellion x2  
  132  11:45  Siege Tank  
  124  12:02  Thor  
  124  12:05  Hellion x2  
  124  12:07  SCV  
  138  12:08  Siege Tank  
  138  12:12  Factory  
  138  12:13  Factory, Terran Vehicle And Ship Armor Level 1  
  138  12:18  Starport x2  
  138  12:19  SCV  
  138  12:22  Supply Depot  
  139  12:24  SCV  
  139  12:27  Refinery  
  139  12:28  Refinery, Command Center  
  140  12:44  SCV x3, Hellion, Siege Tank  
  148  12:52  SCV, Hellion  
  148  12:54  Hellion  
  148  12:56  Hellion  
  148  12:58  SCV  
  144  13:05  Hellion  
  135  13:13  Hellion  
  135  13:16  Hellion  
  135  13:17  SCV  
  131  13:29  SCV  
  131  13:32  SCV  
  133  13:37  Hellion  
  135  13:44  SCV  
  136  13:50  SCV  
  137  13:57  Siege Tank  
  137  13:58  Siege Tank x2, Hellion  
  137  13:59  Factory Tech Lab x2, Hellion  
  137  14:02  SCV  
  151  14:03  Starport  
  151  14:05  Starport  
  151  14:06  Fusion Core  
  151  14:08  Terran Ship Weapons Level 1  
  151  14:09  Starport Tech Lab x2  
  151  14:11  Starport  
  121  14:41  Missile Turret  
  121  14:44  Missile Turret  
  121  14:45  Missile Turret  
  115  14:47  Missile Turret  
  115  14:50  Planetary Fortress  
  115  14:51  Missile Turret  
  115  14:53  Missile Turret  
  115  14:59  Supply Depot  
  113  15:08  Starport Tech Lab  
  113  15:09  Starport Tech Lab x2  
  113  15:12  Hellion x2  
  113  15:13  Hellion x2  
  113  15:14  Hellion x3  
  125  15:18  Starport Tech Lab  
  125  15:20  SCV  
  128  15:21  Supply Depot  
  128  15:24  Supply Depot  
  126  15:32  SCV  
  126  15:33  Hellion  
  126  15:34  Refinery, Hellion x2  
  126  15:35  Refinery, Hellion x2  
  136  15:38  Supply Depot  
  136  15:44  SCV  
  137  15:57  SCV  
  128  16:08  Missile Turret  
  128  16:11  SCV  
  129  16:23  SCV  
  130  16:30  Missile Turret  
  130  16:32  Missile Turret  
  130  16:36  SCV  
  129  16:43  Missile Turret  
  123  16:48  SCV  
  123  16:50  Siege Tank x3  
  123  16:51  Siege Tank  
  123  16:52  Siege Tank, Hellion x2  
  123  16:53  Viking  
  145  16:54  Hellion x12  
  145  16:56  Battlecruiser  
  145  16:57  Battlecruiser  
  145  16:58  Battlecruiser x2  
  145  17:00  Battlecruiser  
  175  17:07  Weapon Refit  
  174  17:08  Terran Vehicle And Ship Armor Level 2  
  174  17:09  Terran Ship Weapons Level 2  
  174  17:13  Hellion x2  
  178  17:18  Missile Turret  
  178  17:20  Missile Turret  
  176  17:28  SCV  
  174  17:40  SCV  
  174  17:41  Siege Tank, Hellion x2  
  174  17:42  Hellion x2  
  174  17:43  Hellion x2  
  189  17:47  Battlecruiser  
  195  17:57  Missile Turret  
  195  18:16  Missile Turret  
  195  18:20  Supply Depot  
  195  18:28  Viking, Hellion  
  195  18:29  SCV x2, Hellion  
  187  18:41  SCV x2  
  189  18:53  SCV  
  175  19:04  Viking  
  175  19:05  SCV  
  175  19:06  Battlecruiser  
  175  19:07  Battlecruiser x3  
  175  19:08  Battlecruiser  
  187  19:13  Command Center  
  175  19:33  Command Center  
  175  19:36  Command Center  
  132  20:31  Battlecruiser x3  
  132  20:32  Battlecruiser, Viking  
  132  20:34  Viking  
  144  20:35  Hellion  
  144  20:36  Hellion x2  
  144  20:37  Thor x2, Hellion x2  
  164  20:43  Command Center  
  164  20:47  Command Center  
  164  20:51  Missile Turret  
  164  20:54  Missile Turret, Planetary Fortress  
  164  20:55  Missile Turret  
  164  20:56  SCV  
  165  21:00  SCV  
  165  21:02  Viking  
  165  21:03  Viking  
  170  21:08  SCV  
  165  21:12  SCV  
  144  21:20  SCV  
  139  21:27  Siege Tank  
  139  21:28  Siege Tank x2  
  139  21:29  Siege Tank  
  139  21:30  Hellion x2  
  139  21:32  Viking, SCV  
  149  21:33  Viking  
  149  21:34  Viking  
  149  21:35  Viking x2  
  149  21:36  Viking  
  155  21:44  SCV  
  146  22:01  Siege Tank  
  139  22:02  Viking  
  139  22:05  Viking  
  139  22:06  Viking  
  120  22:20  Planetary Fortress  
  112  22:23  Missile Turret  
  112  22:24  Refinery x2  
  112  22:26  Battlecruiser  
  112  22:27  Battlecruiser, Missile Turret  
  112  22:29  Hellion  
  128  22:30  Siege Tank, Hellion  
  128  22:31  Hellion  
  128  22:32  Hellion  
  128  22:33  Siege Tank  
  128  22:36  Refinery  
  138  22:37  Refinery  
  138  22:38  SCV, Command Center  
  139  22:50  SCV, Hellion  
  139  22:51  Hellion  
  106  23:13  SCV  
  94  23:25  SCV x2  
  89  23:34  Siege Tank x2  
  92  23:35  Siege Tank  
  92  23:36  Siege Tank x2  
  92  23:37  SCV, Hellion x2  
  92  23:39  Viking x2  
  92  23:40  Battlecruiser  
  125  23:41  Battlecruiser  
  125  24:00  Planetary Fortress  
  125  24:01  Missile Turret  
  120  24:06  Missile Turret  
  119  24:18  Viking  
  119  24:20  Viking  
  123  24:33  SCV  
  124  24:44  Viking  
  124  24:45  Viking, SCV  
  123  24:57  SCV  
  123  24:59  SCV  
  125  25:00  SCV  
  126  25:08  SCV  
  126  25:11  SCV  
  126  25:12  SCV  
  130  25:21  SCV  
  130  25:22  Siege Tank  
  130  25:23  Thor, SCV  
  130  25:24  Thor, SCV  
  130  25:25  Thor  
  130  25:26  Hellion x2  
  157  25:33  Missile Turret  
  157  25:35  Missile Turret  
  157  25:36  SCV x2, Command Center  
  157  25:41  Missile Turret  
  147  25:54  Siege Tank  
Show
View Real Time Build Order
Export as new Build Order

Tentacle Terran - Winner!

Build Orders:  

Get SALT Encoding   

  12  0:00  SCV  
  13  0:12  SCV  
  14  0:18  Supply Depot  
  14  0:25  SCV  
  15  0:28  Refinery  
  15  0:40  SCV  
  16  0:46  Barracks  
  16  0:52  SCV  
  16  0:56  Refinery  
  17  1:04  SCV  
  18  1:16  SCV  
  20  1:36  Reaper  
  20  1:38  Orbital Command  
  20  1:39  Supply Depot  
  20  1:48  Factory  
  20  2:04  SCV  
  22  2:08  Reaper  
  22  2:16  SCV  
  23  2:28  SCV  
  24  2:33  Hellion  
  26  2:38  Command Center  
  26  2:41  SCV  
  27  2:51  Supply Depot  
  27  2:52  Starport  
  27  2:53  SCV  
  28  3:01  Widow Mine  
  28  3:02  Barracks Reactor  
  28  3:05  SCV  
  31  3:17  SCV  
  32  3:29  SCV  
  32  3:30  Medivac  
  32  3:31  Factory Tech Lab  
  35  3:39  Marine  
  35  3:40  Marine  
  37  3:41  SCV  
  38  3:51  Cyclone  
  38  3:53  SCV  
  38  3:54  Orbital Command  
  42  3:59  Marine x2  
  44  4:05  SCV  
  44  4:06  Starport Tech Lab  
  45  4:24  Siege Tank  
  45  4:27  Marine x2  
  45  4:28  SCV  
  45  4:30  SCV  
  52  4:31  Refinery  
  46  4:48  Raven  
  46  4:49  Marine x2  
  37  4:57  SCV  
  38  5:01  SCV  
  36  5:10  SCV  
  36  5:11  Marine x2  
  36  5:13  SCV  
  40  5:20  Siege Tank  
  43  5:22  SCV  
  43  5:25  SCV, Refinery  
  45  5:29  Marine x2  
  45  5:34  SCV  
  47  5:41  SCV  
  48  5:46  SCV  
  48  5:47  Marine  
  48  5:48  Engineering Bay  
  50  5:53  SCV  
  51  5:58  Siege Tank  
  51  6:03  Supply Depot  
  54  6:16  Supply Depot  
  54  6:19  Missile Turret  
  54  6:24  Missile Turret, Marine x2  
  54  6:25  SCV x2, Raven  
  60  6:34  Command Center  
  60  6:37  SCV x2  
  62  6:40  Refinery  
  57  6:49  SCV x2  
  53  6:58  Siege Tank, Marine x2  
  52  7:01  SCV  
  52  7:10  Supply Depot x2  
  52  7:15  Marine  
  52  7:16  Marine  
  52  7:22  Starport  
  43  7:30  Siege Tank  
  43  7:33  Marine x2  
  45  7:46  SCV  
  45  7:50  SCV  
  49  7:51  SCV, Marine x2  
  41  8:14  SCV  
  43  8:20  SCV  
  43  8:23  Orbital Command  
  43  8:24  Factory  
  43  8:27  SCV  
  44  8:32  SCV  
  45  8:35  Missile Turret  
  45  8:39  SCV  
  46  8:42  Viking x2  
  46  8:44  Supply Depot  
  46  8:46  Starport Reactor  
  46  8:47  SCV  
  51  8:51  SCV x2, Supply Depot x2  
  53  8:56  Siege Tank  
  53  8:57  Command Center  
  53  8:59  SCV  
  57  9:03  SCV x2  
  59  9:12  Viking x2  
  59  9:13  SCV  
  59  9:15  SCV, Siege Tank  
  67  9:22  Armory  
  67  9:25  Orbital Command  
  67  9:27  Armory  
  67  9:38  SCV, Refinery  
  67  9:39  SCV  
  67  9:42  Viking x2, Siege Tank, Refinery  
  76  9:51  SCV x2  
  81  9:52  Siege Tank  
  81  9:58  SCV  
  81  9:59  Missile Turret  
  82  10:03  SCV x2  
  84  10:10  SCV  
  85  10:15  SCV x2  
  85  10:16  SCV  
  88  10:22  SCV, Siege Tank  
  88  10:27  SCV x2  
  93  10:28  Siege Tank  
  95  10:36  Missile Turret, SCV x2, Sensor Tower  
  95  10:37  Missile Turret  
  95  10:39  SCV  
  99  10:50  SCV  
  99  10:52  SCV x2  
  99  10:55  Terran Vehicle And Ship Armor Level 1  
  99  10:56  Terran Vehicle Weapons Level 1  
  101  11:11  Siege Tank  
  104  11:15  Viking x2, Refinery  
  104  11:16  Missile Turret  
  108  11:21  Viking x2  
  112  11:27  Factory  
  112  11:30  Factory x2  
  112  11:34  Siege Tank  
  115  11:40  Barracks Tech Lab  
  110  11:47  Siege Tank  
  113  11:55  SCV x3, Supply Depot  
  113  11:57  Supply Depot  
  113  11:58  Supply Depot  
  116  12:07  SCV x2  
  116  12:08  Missile Turret, SCV  
  119  12:11  Supply Depot  
  119  12:12  Supply Depot  
  119  12:13  Factory Tech Lab  
  119  12:14  Factory Reactor  
  119  12:15  Viking x2, Factory Reactor  
  119  12:19  SCV  
  119  12:20  SCV x2  
  119  12:21  Refinery  
  126  12:24  Missile Turret, Orbital Command  
  126  12:25  Missile Turret  
  126  12:27  Siege Tank x2  
  132  12:33  Infernal Pre-Igniter  
  132  12:41  Starport  
  132  12:43  Sensor Tower  
  121  13:08  Siege Tank x2  
  121  13:09  Siege Tank  
  108  13:21  SCV x3  
  108  13:23  SCV  
  94  13:33  SCV  
  97  13:34  SCV  
  97  13:35  SCV  
  97  13:40  Siege Tank  
  97  13:41  Siege Tank x2  
  102  13:42  Liberator x2  
  103  13:50  Command Center  
  103  13:54  Liberator  
  103  13:55  Hellion x4  
  114  13:57  Supply Depot  
  114  13:58  Supply Depot  
  114  13:59  Supply Depot  
  114  14:13  Hellion  
  114  14:14  Terran Vehicle Weapons Level 2  
  114  14:15  Terran Vehicle And Ship Armor Level 2  
  114  14:16  Hellion  
  114  14:17  Hellion x3  
  119  14:36  Hellion x3  
  119  14:38  Hellion x2  
  111  14:43  Viking x2  
  115  14:56  Drilling Claws  
  115  15:00  Command Center  
  115  15:02  Siege Tank x2  
  115  15:03  Siege Tank  
  115  15:04  Hellion  
  126  15:21  SCV x2, Fusion Core  
  126  15:22  SCV  
  117  15:31  Refinery x2  
  117  15:33  SCV  
  117  15:34  SCV x2, Siege Tank  
  119  15:41  Siege Tank  
  119  15:42  Siege Tank  
  125  15:45  SCV  
  125  15:46  SCV  
  125  15:47  Hellion x2  
  125  15:48  Starport Tech Lab  
  131  15:51  Planetary Fortress  
  129  16:07  Siege Tank  
  129  16:08  Missile Turret  
  132  16:13  Missile Turret  
  132  16:14  Missile Turret x2  
  132  16:16  SCV x2  
  132  16:17  Sensor Tower  
  134  16:42  Viking x4  
  134  16:43  Thor  
  134  16:44  Thor  
  151  17:09  Siege Tank  
  151  17:12  Advanced Ballistics  
  151  17:15  Hellion  
  156  17:16  Terran Vehicle Weapons Level 3  
  156  17:26  Siege Tank  
  156  17:27  Siege Tank  
  158  17:41  Siege Tank, Hellion x3  
  167  17:46  Command Center  
  166  17:58  Siege Tank  
  166  18:04  Siege Tank  
  172  18:14  Siege Tank  
  172  18:16  Starport  
  172  18:17  Starport  
  175  18:31  Siege Tank  
  178  18:36  Siege Tank, Refinery  
  178  18:38  Refinery  
  166  18:57  Viking  
  166  18:58  Viking x4  
  152  19:14  Thor  
  143  19:22  Thor  
  143  19:27  Viking  
  143  19:28  Viking  
  143  19:30  Viking x3  
  150  19:38  Missile Turret x2  
  150  19:39  Missile Turret  
  150  19:40  Missile Turret  
  143  19:56  Thor  
  143  19:57  Viking x2  
  143  19:59  Viking  
  133  20:21  Viking x2  
  133  20:22  Thor  
  138  20:30  Thor  
  138  20:31  Viking  
  138  20:34  Hellion x2  
  146  20:40  Starport Tech Lab  
  146  20:46  Missile Turret, Planetary Fortress  
  146  20:47  Missile Turret  
  146  20:48  Missile Turret  
  146  20:49  Missile Turret x2  
  146  20:57  Viking, Command Center  
  146  20:59  SCV x2  
  129  21:41  Thor x3  
  120  22:20  Starport Tech Lab  
  117  22:24  Thor x2  
  117  22:28  Orbital Command  
  117  22:29  Missile Turret  
  129  22:44  Thor  
  135  23:04  Hellion x2  
  127  23:14  Hellion x2  
  131  23:27  Terran Ship Weapons Level 1  
  131  23:28  Terran Vehicle And Ship Armor Level 3  
  131  23:34  Viking x2  
  135  23:41  Liberator  
  138  23:55  SCV x4  
  142  24:05  Thor  
  142  24:06  Raven  
  142  24:07  Viking  
  142  24:08  Corvid Reactor  
  152  24:23  Liberator x3  
  161  24:45  SCV  
  159  24:56  Liberator  
  162  25:07  Liberator x2  
  162  25:08  Command Center  
  162  25:10  Viking  
  170  25:28  Viking x2  
Tags
 
Matchup
TvT
Race
Terran
Spawn Locations
Cross Positions
Add a new tag
Caveats
  • Supply blocks, unpowered buildings, or Contaminate may cause inaccurate times.
  • Supply counts are checked every 10 seconds.